 Dungeon Crawl Stone Soup version 0.28.0-53-g5a82cb258f (webtiles) character file.

Game seed: 3028723341279065640

25 Sin92 the Skirmisher (level 2, 0/24 HPs)
             Began as a Demonspawn Fighter on June 29, 2022.
             Slain by an adder (1 damage)
             ... on level 2 of the Dungeon.
             The game lasted 00:00:37 (1087 turns).

Sin92 the Skirmisher (Demonspawn Fighter)           Turns: 1087, Time: 00:00:38

Health: 0/24       AC:  7    Str: 16    XL:     2   Next: 86%
Magic:  2/2        EV:  9    Int:  9    God:
Gold:   31         SH:  4    Dex: 12    Spells: 1/1 levels left

rFire   . . .      SeeInvis .   a - +0 war axe
rCold   . . .      Faith    .   c - +0 buckler
rNeg    + . .      Spirit   .   b - +0 scale mail
rPois   .          Reflect  .   (no helmet)
rElec   .          Harm     .   (no cloak)
rCorr   .          Rampage  .   (no gloves)
Will    .....                   (no boots)
Stlth   ..........              (no amulet)
HPRegen 0.08/turn               f - ring of positive energy
MPRegen 0.08/turn               (no ring)

@: lethally poisoned (0 -> -1)
A: sharp scales 1
a: no special abilities


You were on level 2 of the Dungeon.
You visited 1 branch of the dungeon, and saw 2 of its levels.

You collected 31 gold pieces.

Inventory:

Hand Weapons
 a - a +0 war axe (weapon)
Armour
 b - a +0 scale mail (worn)
 c - a +0 buckler (worn)
Jewellery
 f - a ring of positive energy (left hand)
Scrolls
 g - a scroll of identify {unknown}
Potions
 d - a potion of might
 e - a potion of berserk rage {unknown}


   Skills:
 + Level 3.2 Fighting
 + Level 2.1 Axes
 + Level 2.9 Armour
 + Level 0.8 Dodging
 + Level 2.9 Shields


You had one spell level left.
You didn't know any spells.
Your spell library contained the following spells:

 Spells                   Type           Power      Damage    Failure   Level
 Animate Skeleton         Necr           0%         N/A       88%         1
 Pain                     Necr           0%         1d4       88%         1
 Vampiric Draining        Necr           0%         2d6       99%         3


Dungeon Overview and Level Annotations

Branches:
Dungeon (2/15)

Altars:


Innate Abilities, Weirdness & Mutations

You are partially covered in razor-sharp scales. (AC +1, Slay +1)


Message History

The adder closely misses you. The adder bites you but does no damage.
An adder is nearby!
You miss the adder.
The adder is almost dead.
You feel sick. The adder closely misses you. You block the adder's attack.
You closely miss the adder.
The adder is almost dead.
You feel sick. You block the adder's attack. x2
An adder is nearby!
You barely miss the adder.
The adder is almost dead.
You feel sick. The adder bites you.
You are lethally poisoned!
The adder poisons you!
There is a lethal amount of poison in your body!
Unknown command.
You are too injured to fight recklessly!
You are too injured to fight recklessly!
There is a lethal amount of poison in your body!
Unknown command.
You are too injured to fight recklessly!
You hit the adder but do no damage.
The adder is almost dead.
* * * LOW HITPOINT WARNING * * *
You feel sick.
The adder bites you but does no damage. x2
You miss the adder.
The adder is almost dead.
* * * LOW HITPOINT WARNING * * *
You feel sick.
The adder bites you but does no damage. x2
You miss the adder.
The adder is almost dead.
* * * LOW HITPOINT WARNING * * *
You feel sick. The adder bites you but does no damage.
You block the adder's attack.
Unknown command.
You closely miss the adder.
The adder is almost dead.
* * * LOW HITPOINT WARNING * * *
You feel sick. The adder barely misses you. The adder bites you.
You die...

#. ###. ## #... .#
## #.#.##.# .#
#.#....# .#
#.#....# .#
#.#.S..# .#####
######.##@#.#
.....#
#...........#
.....#
#.#####.#.###
.....###.#####.#.#
............##.#.#
.....###.##.##.#.#
.....# #.........#
.....# ###########
######


You could see an adder.

Vanquished Creatures
  2 dart slugs (D:1)
  A ball python (D:1)
  5 endoplasms
  A goblin (D:1)
  A hobgoblin (D:1)
  A kobold (D:1)
  A quokka (D:1)
  2 bats (D:1)
  A frilled lizard (D:2)
  6 rats (D:1)
21 creatures vanquished.

Vanquished Creatures (others)
  3 demonic plants (D:1)
  3 plants (D:1)
6 creatures vanquished.

Grand Total: 27 creatures vanquished

Notes
Turn   | Place    | Note
-------+----------+-------------------------------------------
     0 | D:1      | Sin92 the Demonspawn Fighter began the quest for the Orb.
     0 | D:1      | Reached XP level 1. HP: 18/18 MP: 1/1
   260 | D:1      | Gained mutation: You are partially covered in razor-sharp
                  | scales. (AC +1, Slay +1) [demonic ancestry]
   260 | D:1      | Reached XP level 2. HP: 24/24 MP: 2/2
   570 | D:1      | Found a faded altar of an unknown god.
  1087 | D:2      | HP: 1/24 [poisoned by an adder]
  1087 | D:2      | Slain by an adder

Illustrated notes

Levels and vault maps discovered:
D:1:      kennysheep_arrival_seaside, layout_basic, shapermc_ecumenical_altar_gd
D:2:      layout_loops_cross, uniq_robin

Skill      XL: |  1  2 |
---------------+-------+-----
Axes           | 2 |  2.1
Fighting       | |  3.2
Armour         | |  2.9
Dodging        | |  0.8
Shields        | |  2.9

Action                   || total
-------------------------++-------
Melee: War axe           ||    51
Armor: Scale mail        ||    25
Dodge: Dodged            ||    19
Block: Buckler           ||    12
